 BcadrenCrawl: Boulder Brew version 0.03.2.1-42-g860841ac0a (webtiles) character file.

Game seed: 13510834904673629518, levelgen mode: deterministic

11673 esc the Sharpshooter (level 11, -14/98 (101) HPs) Centaur Noble. Began on Jan 24, 2021. Was an Initiate of Gozag Ym Sagoz. Demolished by a large abomination (16 damage) ... in a Gauntlet on Jan 25, 2021. The game lasted 00:15:23 (5618 turns).

esc the Sharpshooter (Centaur Noble)                Turns: 5618, Time: 00:15:24

HP:   -14/98 (101)  AC:  6    Str: 21    XL:     11 ^: 5171
MP:   12/12         EV:  8    Int:  9    God:    Gozag Ym Sagoz
Gold: 1191          SH:  0    Dex: 18    Spells: 12/12 levels left

rFire    . . .     Vision   .   c - +3 triple crossbow (velocity)
rCold    . . .     Gourm    .   (also wielding the above weapon)
rNeg     + + +     Faith    .   m - +0 ring mail
rPois    .         Spirit   .   (no helmet)
rElec    +         Reflect  .   (no cloak)
rCorr    .         Harm     .   d - +0 pair of gloves {archery}
MR       ++...     NoTele   +   (no barding)
Stlth    +.........             h - amulet of regeneration
HPRegen  0.82/turn              e - ring of dexterity
MPRegen  0.22/turn              v - ring of Suspected Treachery {*Slow rElec rN+++ MR++ Str+5}

@: barbed spikes, hasted, very quick
A: large, hooves 3, deformed body, speed 2, tough skin 3
a: Potion Petition, Call Merchant, Bribe Branch, Renounce Religion


You were in a Gauntlet.
You worshipped Gozag Ym Sagoz.
Gozag Ym Sagoz was most pleased with you.
You were not hungry.

You visited 3 branches of the dungeon, and saw 8 of its levels.
You also visited: Gauntlet and Market.

You collected 1236 gold pieces.
You spent 959 gold pieces at shops.
You paid 86 gold pieces to Gozag.

Inventory:

Weapons
 c - a +3 triple crossbow of velocity (weapon)
Armour
 a - a +0 robe
 d - a +0 pair of gloves of archery (worn)
 m - a +0 ring mail (worn)
Jewellery
 e - a ring of dexterity (left hand)
 h - an amulet of regeneration (around neck)
 n - an uncursed amulet of rage
 o - an uncursed amulet of reflection
 v - the ring of Suspected Treachery (right hand) {*Slow rElec rN+++ MR++ Str+5}
   (You acquired it on level 3 of the Dungeon)

   [ring of strength]

   It affects your strength (+5).
   It insulates you from electricity.
   It renders you almost immune to negative energy.
   It affects your resistance to hostile enchantments.
   It may slow you when you take damage.
Wands
 C - a wand of iceblast (9)
Scrolls
 l - 2 scrolls of magic mapping
 q - 4 scrolls of fog
 s - 2 scrolls of summoning
 w - a scroll of blinking
 x - a scroll of bless item
 y - 3 scrolls of amnesia
Potions
 f - a potion of berserk rage
 g - 7 potions of heal wounds
 i - 2 potions of might
 j - 2 potions of agility
 k - 2 potions of ambrosia
 p - a potion of mutation
 r - 4 potions of curing
 t - a potion of invisibility
 u - a potion of brilliance
 A - 2 potions of cancellation
Comestibles
 b - 4 rations


   Skills:
 + Level 10.8 Fighting
 + Level 15.3 Crossbows
 - Level 0.4 Stealth
 - Level 1.0 Spellcasting


You had 12 spell levels left.
You didn't know any spells.
Your spell library contained the following spells:

 Spells                   Type           Power        Failure   Level  Hunger
 Flame Tongue             Fire           0 (30)       43%         1    ##.....
 Magic Candle             Hex/Fire       0 (90)       43%         1    ##.....
 Ensorcelled Hibernation  Hex/Ice        0 (50)       56%         2    ###....
 Blinding Spray           Hex/Pois       0 (50)       80%         3    ####...
 Confuse                  Hex            0 (100)      80%         3    ####...
 Tukima's Dance           Hex            0 (100)      80%         3    ####...
 Cause Fear               Hex            0 (200)      99%         4    #####..
 Fulminant Prism          Hex            0 (200)      99%         4    #####..
 Bolt of Fire             Fire           0 (200)      100%        6    #######
 Dragon Form              Tmut           0 (200)      100%        7    #######
 Dragon's Call            Summ           0 (200)      100%        9    #######


Dungeon Overview and Level Annotations

Branches:
Dungeon (5/8)              Temple (1/1) D:4            Lair (2/6) D:5
Gauntlet (1/1)
  Swamp: Lair:2-4    Shoals: Lair:2-4     Snake: Lair:2-4    Spider: Lair:2-4

Altars:
Ashenzari
Cheibriados
Dithmenos
Elyvilon
Fedhas Madash
Gozag Ym Sagoz
Kikubaaqudgha
Nemelex Xobeh
Okawaru
Qazlal
Ru
Sif Muna
Trog
Uskayaw
Vehumet
Wu Jian
Yredelemnul
Zin

Shops:
D:2 [

Annotations:
Lair:1 1 runed translucent door, kal9871's ghost, journeyman TrDs Gauntlet 4 transporters


Innate Abilities, Weirdness & Mutations

You have hooves in place of feet.
Armour fits poorly on your strangely shaped body.
You cover ground very quickly.
You have extremely tough skin. (AC +3)


Message History

The barbed spikes dig painfully into your body as you move (2).
Take off which item? (? for menu, Esc to quit)
Okay, then.
The spiked barbs in your flesh will hurt you if you move.
Continue?
The barbed spikes dig painfully into your body as you move (6).
The spiked barbs in your flesh will hurt you if you move.
Continue?
The barbed spikes dig painfully into your body as you move (3).
Aiming:
c - a +3 triple crossbow of velocity, Range: 2 (50%)
Press: ? - help, Shift-Dir - straight line, f/p - large abomination
Aim: a large abomination (moderately damaged (64/100))
You shoot a triplet of bolts.
The large abomination blocks the triplet of bolts.
The small abomination kicks you with several mutilated limbs at once (20)!!
* * * LOW HITPOINT WARNING * * *
You hold your ground!
The large abomination slashes you (18)!!
* * * LOW HITPOINT WARNING * * *
The large abomination engulfs you in a gooey mixture of blood and acidic bile (16)!
You die...
Your body crumbles into a pile of gold.

## ## ### ## ### ##
##≈###≈###≈###≈###≈###≈###≈
#≈≈≈#≈≈≈#≈≈≈#≈≈≈#≈≈≈#≈≈≈#≈≈
...........................
#########...#########...###
#..8#8..#.⌠.###.@Xx.#.⌠.###
#...8...#...####x##.#...###
#8.8.8..#####...x##=#####..
##8.©.8§#©.©#.#.©.#©#©.©#R.
#8.8.8..#.⌠.#.##..?.#.⌠.#.○
$
#...8...#...#.##.####...###
#..8#8..#.⌠.#x.... #.⌠.###
#########...###### #...###
........#.⌠........ #.⌠....


You could see a large abomination and 3 small abominations.

Vanquished Creatures
  2 boulder beetles (Lair:1)
  Urug (Lair:1)
  A two-headed ogre (D:5)
  A rock worm (shapeshifter) (Gauntlet)
  An elephant (D:5)
  2 wolf spiders (Lair:1)
  4 spiny frogs (Lair:1)
  A komodo dragon (Lair:1)
  Prince Ribbit (D:5)
  5 blink frogs (Lair:1)
  Menkaure (D:2)
  A yak (D:5)
  3 basilisks
  A redback (Lair:1)
  2 guardian mummies (Lair:1)
  4 water moccasins (Lair:1)
  An orc warrior (D:5)
  2 porcupines
  A phantom (D:5)
  4 scorpions
  2 ice beasts
  3 sky beasts
  A black bear (D:4)
  3 ogres
  7 crocodiles
  3 big kobolds (D:2)
  2 bullfrogs
  3 howler monkeys
  A killer bee (D:4)
  A quasit (D:5)
  A hornet zombie (D:4)
  2 crimson imps (D:4)
  4 orc priests
  5 hounds
  2 jellies
  5 orc wizards
  An iguana (D:3)
  5 worker ants
  A wyvern skeleton (D:4)
  6 giant cockroaches
  3 bullfrog skeletons
  2 shadow imps (D:4)
  8 adders
  3 gnolls (D:5)
  17 sewer rats (D:2)
  9 cinder newts
  4 worms (D:2)
  2 hound skeletons
  2 oozes
  4 leopard geckos
  20 orcs
  A cinder newt skeleton (D:2)
  7 goblins (D:1)
  5 hobgoblins (D:1)
  2 jackals (D:3)
  18 kobolds
  A quokka (D:3)
  2 ball pythons
  7 bats
  A hobgoblin skeleton (D:2)
  A kobold skeleton (D:2)
  An orc skeleton (D:2)
  A quokka zombie (D:5)
  4 rats (D:1)
  A rat skeleton (D:2)
  23 withered plants (D:2)
246 creatures vanquished.

Vanquished Creatures (others)
  A fungus (Lair:1)
  132 withered plants (D:2)
133 creatures vanquished.

Grand Total: 379 creatures vanquished

Notes
Turn   | Place    | Note
-------+----------+-------------------------------------------
     0 | Start Ma | esc the Centaur Noble began the quest for the Orb.
     0 | Start Ma | Reached XP level 1. HP: 16/16 MP: 2/2
     0 | Start Ma | Found Myry's Expert Tomes.
     4 | Start Ma | Found Ibearuf's Auxillary Armour.
     6 | Start Ma | Upgraded the game from 0.03.2.1-39-gc08451f611 to
                  | 0.03.2.1-42-g860841ac0a
     6 | Start Ma | Bought a +0 triple crossbow for 400 gold pieces
    13 | Start Ma | Bought a +0 pair of gloves of archery for 230 gold pieces
    18 | Start Ma | Found Gaygg's Mashing MeleeMart.
    28 | Start Ma | Bought an uncursed ring of dexterity for 329 gold pieces
    36 | D:1      | esc set off with the following items: a +0 robe, a ration,
                  | a +0 triple crossbow, a +0 pair of gloves of archery, a
                  | ring of dexterity
    84 | D:1      | Reached skill level 1 in Crossbows
   181 | D:1      | Reached skill level 2 in Crossbows
   181 | D:1      | Reached XP level 2. HP: 23/23 MP: 3/3
   182 | D:1      | Reached skill level 3 in Crossbows
   182 | D:1      | Reached XP level 3. HP: 28/28 MP: 4/4
   410 | D:1      | Reached skill level 4 in Crossbows
   410 | D:1      | Reached XP level 4. HP: 35/35 MP: 5/5
   916 | D:2      | Noticed a big kobold
   919 | D:2      | Killed a big kobold
   919 | D:2      | Reached skill level 5 in Crossbows
   919 | D:2      | Reached XP level 5. HP: 40/40 MP: 6/6
  1009 | D:2      | Reached skill level 6 in Crossbows
  1028 | D:2      | Reached XP level 6. HP: 47/47 MP: 7/7
  1109 | D:2      | Reached skill level 7 in Crossbows
  1446 | D:2      | Found a radiant altar of Vehumet.
  1582 | D:2      | Found a sacrificial altar of Ru.
  1719 | D:2      | Noticed Menkaure
  1720 | D:2      | Killed Menkaure
  1720 | D:2      | Reached skill level 8 in Crossbows
  1720 | D:2      | Reached XP level 7. HP: 52/52 MP: 8/8
  1747 | D:2      | Found Bimukk's Antique Armour Boutique.
  2128 | D:2      | Reached skill level 9 in Crossbows
  2365 | D:3      | Found a sparkling altar of Nemelex Xobeh.
  2365 | D:3      | Found a blossoming altar of Fedhas.
  2514 | D:3      | Identified a scroll of acquirement
  2530 | D:3      | Identified the +0 hat of Ginieq {rC+ Stlth+} (You acquired
                  | it on level 3 of the Dungeon)
  2530 | D:3      | Identified the ring of Suspected Treachery {*Slow rElec
                  | rN+++ MR++ Str+5} (You acquired it on level 3 of the
                  | Dungeon)
  2580 | D:3      | Reached skill level 10 in Crossbows
  2580 | D:3      | Reached XP level 8. HP: 59/59 MP: 9/9
  2821 | D:4      | Reached skill level 11 in Crossbows
  2915 | D:4      | Found an ornate altar of the Wu Jian Council.
  3075 | D:4      | Found a staircase to the Ecumenical Temple.
  3090 | Temple   | Entered the Ecumenical Temple
  3281 | Temple   | Became a worshipper of Gozag Ym Sagoz the Greedy
  3328 | D:4      | Reached XP level 9. HP: 71/71 MP: 10/10
  3465 | D:4      | Reached skill level 12 in Crossbows
  3571 | D:4      | Reached skill level 5 in Fighting
  3752 | D:5      | Entered Level 5 of the Dungeon
  3799 | D:5      | Noticed Prince Ribbit
  3800 | D:5      | Killed Prince Ribbit
  3917 | D:5      | Noticed a two-headed ogre
  3919 | D:5      | Killed a two-headed ogre
  3919 | D:5      | Reached skill level 13 in Crossbows
  4127 | D:5      | Reached XP level 10. HP: 86/86 MP: 11/11
  4187 | D:5      | Found a staircase to the Lair.
  4422 | D:5      | Found an ancient bone altar of Kikubaaqudgha.
  4685 | Lair:1   | Entered Level 1 of the Lair of Beasts
  4685 | Lair:1   | Noticed Urug
  4687 | Lair:1   | Killed Urug
  4706 | Lair:1   | Reached skill level 14 in Crossbows
  4788 | Lair:1   | Noticed a boulder beetle
  4793 | Lair:1   | Killed a boulder beetle
  4793 | Lair:1   | Reached XP level 11. HP: 79/99 MP: 12/12
  4803 | Lair:1   | Found a runed translucent door.
  4803 | Lair:1   | Noticed kal9871's ghost (journeyman TrDs)
  4897 | Lair:1   | Noticed a boulder beetle
  4905 | Lair:1   | Killed a boulder beetle
  4905 | Lair:1   | Reached skill level 10 in Fighting
  5075 | Lair:1   | Reached skill level 15 in Crossbows
  5525 | Lair:2   | Found a gate leading to a gauntlet.
  5537 | Gauntlet | Entered a Gauntlet
  5537 | Gauntlet | Found a transporter.
  5537 | Gauntlet | Found a transporter.
  5539 | Gauntlet | Identified the +6 flail of Subjectivity {crush, rElec rF+
                  | MR+++ Int-4}
  5539 | Gauntlet | Found a transporter.
  5539 | Gauntlet | Found a transporter.
  5552 | Gauntlet | Found a transporter.
  5607 | Gauntlet | Noticed a large abomination
  5609 | Gauntlet | Found a transporter.
  5609 | Gauntlet | Found a transporter.
  5618 | Gauntlet | HP: 2/98 [large abomination (18)]
  5618 | Gauntlet | Demolished by a large abomination

Levels and vault maps discovered:
D:1:      psy_arrival_conway, layout_loops_corners
D:2:      layout_sewer, overflow_temple_1_default, lemuel_doored_altar,
          serial_shops, shop, uniq_menkaure
D:3:      layout_rooms, grunt_temple_overflow_open, first_ration
D:4:      layout_basic, kennysheep_little_box, temple_green
D:5:      layout_loops_corners, kennysheep_mini, david_lair_generic,
          uniq_prince_ribbit1
Temple:   minmay_temple_bridge_abc
Lair:1:   layout_misc_corridors, gammafunk_ghost_grave,
          chequers_ossuary_entry_cave, uniq_urug
Lair:2:   layout_cave_pods, gauntlet_entry_generic, enter_volcano_3
Gauntlet: minmay_gauntlet_77_indecision
          [minmay_gauntlet_arena_77_terracotta_army,
          minmay_gauntlet_arena_77_two_lines, minmay_gauntlet_arena_77_p_blocks,
          minmay_gauntlet_arena_77_mess, minmay_gauntlet_arena_77_cramped,
          minmay_gauntlet_arena_77_checkered, gauntlet_exit_spiral]

Skill      XL: |  1  2  3  4  5  6  7  8  9 10 11 |
---------------+----------------------------------+-----
Crossbows      | 2 3 4 5 6 8 10 11 13 14 15 | 15.3
Fighting       | 3 7 9 10 | 10.8
Stealth        | |  0.4
Spellcasting   | |  1.0

Action                   |  1- 3 |  4- 6 |  7- 9 | 10-12 || total
-------------------------+-------+-------+-------+-------++-------
Melee: Unarmed           |       |       |    32 |       ||    32
       Kick              |       |       |    10 |       ||    10
 Fire: Triple crossbow   |    25 |    68 |    99 |    71 ||   263
  Use: Scroll            |     1 |     1 |     3 |     3 ||     8
       Potion            |       |       |       |     2 ||     2
  Eat: Chunk             |       |     1 |     1 |       ||     2
       Ration            |       |     1 |     2 |       ||     3
Armor: Robe              |     3 |     3 |       |       ||     6
       Ring mail         |       |     3 |     2 |     1 ||     6
Dodge: Dodged            |     4 |    14 |     7 |     1 ||    26
